 Dungeon Crawl Stone Soup version 0.27.1-33-g824d729ab1 (webtiles) character file.

Game seed: 9283571212660825722

9 ces the Sneak (level 2, -3/14 HPs)
             Began as a Spriggan Brigand on Nov 30, 2021.
             Frozen to death by an endoplasm (5 damage)
             ... on level 1 of the Dungeon.
             The game lasted 00:01:12 (150 turns).

ces the Sneak (Spriggan Brigand)                     Turns: 150, Time: 00:01:12

Health: -3/14      AC:  3    Str:  7    XL:     2   Next: 3%
Magic:  3/3        EV: 17    Int: 12    God:
Gold:   0          SH:  0    Dex: 16    Spells: 1/1 levels left

rFire    . . .     SeeInvis +   a - +2 dagger
rCold    . . .     Faith    .   (shield restricted)
rNeg     . . .     Spirit   .   b - +0 robe
rPois    .         Reflect  .   (helmet restricted)
rElec    .         Harm     .   c - +0 cloak
rCorr    .         Rampage  .   (gloves unavailable)
Will     .....                  (boots unavailable)
Stlth    +++.......             (no amulet)
HPRegen  0.04/turn              (no ring)
MPRegen  0.08/turn              (no ring)

@: very quick
A: very small, no large weapons, unfitting armour, see invisible, speed 3
a: no special abilities


You were on level 1 of the Dungeon.
You visited 1 branch of the dungeon, and saw 1 of its levels.

Inventory:

Hand Weapons
 a - a +2 dagger (weapon)
Missiles
 d - 2 poisoned darts (quivered)
 e - 2 curare-tipped darts
Armour
 b - a +0 robe (worn)
 c - a +0 cloak (worn)
Potions
 f - a potion of mutation {unknown}


   Skills:
 + Level 1.5 Fighting
 + Level 2.2 Short Blades
 + Level 2.1 Throwing
 + Level 2.0 Dodging
 + Level 6.2 Stealth


You had one spell level left.
You didn't know any spells.
Your spell library was empty.

Dungeon Overview and Level Annotations

Branches:
Dungeon (1/15)

Altars:


Innate Abilities, Weirdness & Mutations

You are very small and have problems with some larger weapons.
You are too small for most types of armour.
You have supernaturally acute eyesight. (SInv)
You cover ground extremely quickly. (Speed+++)


Message History

You see here a +2 dagger of venom.
Throw: 6 darts (poison)
Press: ? - help, Q - select action, (/) - cycle Shift-Dir - straight line, f/p - jackal
Aim: a jackal (heavily wounded, poisoned, 53% to hit)
You throw a poisoned dart.
The poisoned dart completely misses the jackal.
The jackal looks more healthy.
Throw: 5 darts (poison)
Press: ? - help, Q - select action, (/) - cycle Shift-Dir - straight line, f/p - jackal
Aim: a jackal (severely wounded, 53% to hit)
You throw a poisoned dart. The poisoned dart hits the jackal.
The jackal is poisoned.
The jackal is severely wounded.
You kill the jackal!
You have reached level 2!
Throw: 4 darts (poison)
Press: ? - help, Q - select action, (/) - cycle Shift-Dir - straight line, f - jackal
Aim: a jackal (53% to hit)
You throw a poisoned dart.
The poisoned dart barely misses the jackal.
Things that are here:
a poisoned dart; a jackal corpse Throw: 3 darts (poison)
Press: ? - help, Q - select action, (/) - cycle Shift-Dir - straight line, f/p - jackal
Aim: a jackal (53% to hit)
You throw a poisoned dart.
The poisoned dart closely misses the jackal.
The jackal completely misses you.
You hit the jackal but do no damage.
The jackal bites you but does no damage.
You barely miss the jackal. The jackal closely misses you.
The endoplasm freezes you.
You are frozen.
* * * LOW HITPOINT WARNING * * *
You hit the jackal.
The jackal is heavily wounded.
The jackal misses you. The endoplasm freezes you.
You are frozen.
You die...

#(.....#
#(#..###
#.#..#
#.##>#
#.##.#
#.##.#
#.##.#
#h##.#
#@Jh.#
######


You could see an endoplasm and 2 jackals.

Vanquished Creatures
  2 endoplasms (D:1)
  A goblin (D:1)
  A hobgoblin (D:1)
  A jackal (D:1)
  2 bats (D:1)
7 creatures vanquished.

Notes
Turn   | Place    | Note
-------+----------+-------------------------------------------
     0 | D:1      | ces the Spriggan Brigand began the quest for the Orb.
     0 | D:1      | Reached XP level 1. HP: 10/10 MP: 2/2
    73 | D:1      | Reached skill level 6 in Stealth
   142 | D:1      | Reached XP level 2. HP: 5/14 MP: 3/3
   150 | D:1      | Frozen to death by an endoplasm

Illustrated notes

Levels and vault maps discovered:
D:1:      dpeg_arrival_tiny_a, layout_basic,
          hellmonk_ecumenical_altar_prayer_group, dk_noncrumbling_3,
          minmay_hexomino_c4

Skill      XL: |  1 |
---------------+----+-----
Dodging        | 2 |  2.0
Stealth        | 6 |  6.2
Fighting       | |  1.5
Short Blades   | |  2.2
Throwing       | |  2.1

Action                   || total
-------------------------++-------
Melee: Dagger            ||    17
Throw: Dart              ||     6
 Stab: Sleeping          ||     3
Armor: Robe              ||     7
Dodge: Dodged            ||    21
